 Dungeon Crawl Stone Soup version 0.28-a0-46-g7b1be97da7 (webtiles) character file.

Game seed: 15599334078316736434

15477 GordonOverkill the Geomancer (level 11, -5/89 HPs)
             Began as a Demigod Earth Elementalist on July 29, 2021.
             Slain by an entropy weaver simulacrum (16 damage)
             ... in an ice cave.
             The game lasted 00:39:18 (16802 turns).

GordonOverkill the Geomancer (DgEE)                Turns: 16802, Time: 00:39:19

Health: -5/89      AC: 13    Str:  9    XL:     11   Next: 70%
Magic:  0/26       EV: 12    Int: 29    God:
Gold:   430        SH:  5    Dex: 14    Spells: 9/25 levels left

rFire   . . .      SeeInvis .   x - +4 spear (freeze)
rCold   + . .      Faith    .   (no shield)
rNeg    . . .      Spirit   .   H - +2 robe {rC+}
rPois   +          Reflect  +   c - +2 hat
rElec   .          Harm     .   o - +1 cloak
rCorr   .          Rampage  .   (no gloves)
Will    +....                   b - +0 pair of boots
Stlth   ++........              A - amulet of reflection
HPRegen 0.24/turn               g - ring of poison resistance
MPRegen 0.20/turn               r - +4 ring of protection

@: no status effects
A: high mp 1, forlorn
a: no special abilities


You were in an ice cave.
You visited 3 branches of the dungeon, and saw 13 of its levels.
You also visited: Ice Cave.

You collected 430 gold pieces.

Inventory:

Hand Weapons
 j - a +0 rapier of freezing
 p - a +0 dagger of flaming
 x - a +4 spear of freezing (weapon)
 z - the +6 dagger of Woleg {protect, *Corrode rElec Stlth+}
   (You found it on level 5 of the Dungeon)

   It grants its wielder temporary protection when it strikes (+7 to AC).
   rElec:     It insulates you from electricity.
   *Corrode:  It may corrode you when you take damage.
   Stlth:     It makes you more stealthy.
Missiles
 t - 9 stones
Armour
 b - a +0 pair of boots (worn)
 c - a +2 hat (worn)
 o - a +1 cloak (worn)
 s - a +0 helmet
 F - a +0 troll leather armour
 H - a +2 robe of cold resistance (worn)
Jewellery
 g - a ring of poison resistance (left hand)
 r - a +4 ring of protection (right hand)
 A - an amulet of reflection (around neck)
 C - the ring "Xecytturph" {rF- rCorr Str+4 Dex+4}
   (You found it on level 7 of the Dungeon)

   [ring of resist corrosion]

   Str:       It affects your strength (+4).
   Dex:       It affects your dexterity (+4).
   rF:        It makes you vulnerable to fire.
   rCorr:     It protects you from acid and corrosion.
Wands
 f - a wand of polymorph (37)
 m - a wand of paralysis (5)
 n - a wand of charming (10)
Scrolls
 a - 2 scrolls of amnesia
 e - 4 scrolls of teleportation
 h - a scroll of holy word
 i - 2 scrolls of immolation
 y - a scroll of brand weapon
 D - 2 scrolls of blinking
Potions
 d - a potion of lignification
 k - 3 potions of invisibility
 l - 6 potions of haste
 v - 5 potions of might
 B - 3 potions of curing


   Skills:
 + Level 5.9 Fighting
 - Level 3.0 Short Blades
 - Level 3.0 Polearms
 - Level 2.0 Dodging
 - Level 3.0 Stealth
 + Level 7.5 Spellcasting
 + Level 8.6 Conjurations
 - Level 3.0 Transmutations
 + Level 10.4 Earth Magic
 - Level 4.0 Evocations


You had 9 spell levels left.
You knew the following spells:

 Your Spells              Type           Power      Damage    Failure   Level
a - Sandblast             Erth           100%       2d20      1%          1
b - Passwall              Tmut/Erth      40%        N/A       1%          2
c - Stone Arrow           Conj/Erth      100%       3d13      1%          3
d - Iron Shot             Conj/Erth      30%        9d6       16%         6
e - Petrify               Tmut/Erth      49%        N/A       3%          4

Your spell library contained the following spells:

 Spells                   Type           Power      Damage    Failure   Level
 Conjure Flame            Conj/Fire      35%        6-21      2%          3
 Dazzling Flash           Conj/Hex       70%        N/A       2%          3
 Mephitic Cloud           Conj/Pois/Air  27%        N/A       4%          3
 Animate Armour           Summ/Erth      82%        N/A       5%          4
 Iskenderun's Mystic Bla  Conj/Tloc      35%        2d8       9%          4
 Sticky Flame             Conj/Fire      35%        2d5       9%          4
 Ignite Poison            Fire/Tmut/Pois 16%        N/A       10%         3
 Bolt of Magma            Conj/Fire/Erth 23%        4d11      10%         5
 Frozen Ramparts          Ice            20%        1d4       14%         3
 Gell's Gravitas          Tloc           5%         N/A       14%         3
 Lesser Beckoning         Tloc           5%         N/A       14%         3
 Ozocubu's Armour         Ice            10%        N/A       14%         3
 Portal Projectile        Hex/Tloc       20%        N/A       14%         3
 Teleport Other           Tloc           10%        N/A       14%         3
 Ice Form                 Ice/Tmut       19%        N/A       26%         4
 Blade Hands              Tmut           14%        N/A       36%         5
 Summon Ice Beast         Ice/Summ       10%        N/A       43%         4
 Statue Form              Tmut/Erth      32%        N/A       43%         6
 Starburst                Conj/Fire      17%        8x6d6     77%         6
 Excruciating Wounds      Necr           5%         N/A       80%         5
 Metabolic Englaciation   Hex/Ice        5%         N/A       80%         5
 Ozocubu's Refrigeration  Ice            5%         4d6       100%        7


Dungeon Overview and Level Annotations

Branches:
Dungeon (10/15)            Temple (1/1) D:5            Lair (2/6) D:8
  IceCv (1/1)
  Swamp: Lair:2-4    Shoals: Lair:2-4     Snake: Lair:2-4    Spider: Lair:2-4
    Orc: D:9-12

Shops:
D:5 [   D:6 [   D:8 =


Innate Abilities, Weirdness & Mutations

Your attributes grow dramatically as you level up.
You have an increased reservoir of magic. (+10% MP)
You shall have no god before yourself.


Message History

The blast of sand hits the large slime creature!!
The large slime creature is almost dead.
The large slime creature hits you!!
* * * LOW HITPOINT WARNING * * *
Casting: Sandblast (safe; 1% risk of failure)
Confirm with . or Enter, or press ? or * to list all spells.
Aiming: Sandblast (safe; 1% risk of failure)
Press: ? - help, Shift-Dir - straight line, f/p - entropy weaver simulacrum
Aim: an entropy weaver simulacrum (severely damaged, 88% to hit)
The blast of sand hits the large slime creature!
The large slime creature is almost dead.
The large slime creature barely misses you.
You hit the large slime creature. You freeze the large slime creature.
You kill the large slime creature!
You hit the entropy weaver simulacrum but do no damage.
The entropy weaver simulacrum is severely damaged.
The entropy weaver simulacrum closely misses you.
The entropy weaver simulacrum hits you but does no damage.
The entropy weaver simulacrum misses you. x2
You puncture the entropy weaver simulacrum!
The entropy weaver simulacrum is almost destroyed.
The entropy weaver simulacrum hits you but does no damage. x2
The entropy weaver simulacrum hits you!
* * * LOW HITPOINT WARNING * * *
The entropy weaver simulacrum freezes you!
You resist.
* * * LOW HITPOINT WARNING * * *
You block the entropy weaver simulacrum's attack.
Casting: Sandblast (safe; 1% risk of failure)
Confirm with . or Enter, or press ? or * to list all spells.
Aiming: Sandblast (safe; 1% risk of failure)
Press: ? - help, Shift-Dir - straight line, f/p - entropy weaver simulacrum
Aim: an entropy weaver simulacrum (almost destroyed, 88% to hit)
The blast of sand hits the entropy weaver simulacrum but does no damage.
The entropy weaver simulacrum is almost destroyed.
The entropy weaver simulacrum hits you!
* * * LOW HITPOINT WARNING * * *
The entropy weaver simulacrum freezes you!
You resist.
You die...

#........### .. #.....#....##
##### ... #.....##....##
###)[.###...
##.....##....########..[(##.....
##.....###......##.....##.....#
####....####.......####...#
###.....###...####....#
###.....#####.....###
####..@Z.....#### ####...####
##.## ##.## ##...## #..∩..#
##.∩.## #####


You could see an entropy weaver simulacrum.

Vanquished Creatures
  Harold (D:9)
  3 hydras
  An ice statue (IceCv)
  3 cane toads (Lair:1)
  2 komodo dragons
  An entropy weaver simulacrum (IceCv)
  A freezing wraith (D:8)
  A troll (D:8)
  A hornet (D:8)
  3 slime creatures (IceCv)
  5 blink frogs (Lair:1)
  4 wyverns
  21 yaks
  A steam dragon (D:8)
  9 water moccasins
  5 ogres
  A sky beast (D:6)
  A black bear (D:8)
  An ugly thing simulacrum (IceCv)
  2 orc warriors
  3 ice beasts
  A necrophage (D:8)
  6 wolves
  3 centaurs
  2 bullfrogs
  A cane toad simulacrum (Lair:2)
  A wyvern zombie (D:8)
  A gnoll sergeant (D:8)
  2 scorpions (D:6)
  A glowing shapeshifter simulacrum (IceCv)
  A water moccasin skeleton (D:5)
  7 wights
  2 electric eels (D:8)
  A centaur zombie (D:6)
  A bullfrog zombie (D:7)
  2 orc priests
  4 hounds
  2 jellies
  2 bullfrog skeletons
  3 iguanas
  4 orc wizards
  2 hound skeletons
  4 gnolls (D:5)
  8 adders
  A shadow imp (D:6)
  3 white imps
  4 ufetubi
  3 worms
  A dart slug (D:5)
  17 orcs
  7 bats
  6 endoplasms
  3 goblins
  7 hobgoblins
  4 jackals (D:2)
  3 quokkas
  7 ball pythons
  3 frilled lizards
  9 kobolds
  5 rats
214 creatures vanquished.

Vanquished Creatures (collateral kills)
  Maggie (Lair:2)
1 creature vanquished.

Vanquished Creatures (others)
  2 bushes
  9 fungi
  12 plants
23 creatures vanquished.

Grand Total: 238 creatures vanquished

Notes
Turn   | Place    | Note
-------+----------+-------------------------------------------
     0 | D:1      | GordonOverkill the Demigod Earth Elementalist began the
                  | quest for the Orb.
     0 | D:1      | Reached XP level 1. HP: 14/14 MP: 5/5
    70 | D:2      | Reached skill level 1 in Transmutations
   393 | D:2      | Reached XP level 2. HP: 22/22 MP: 2/7
   734 | D:1      | Learned a level 2 spell: Passwall
  1209 | D:2      | Reached skill level 3 in Earth Magic
  1209 | D:2      | Reached XP level 3. HP: 27/27 MP: 6/8
  1251 | D:3      | Reached skill level 1 in Fighting
  1512 | D:2      | Learned a level 3 spell: Stone Arrow
  2146 | D:3      | Reached XP level 4. HP: 35/35 MP: 4/10
  2962 | D:4      | Noticed a bullfrog
  2968 | D:3      | Killed a bullfrog
  2969 | D:3      | Reached skill level 1 in Short Blades
  2969 | D:3      | Reached XP level 5. HP: 41/41 MP: 8/11
  3235 | D:4      | Noticed an ogre
  3247 | D:4      | Killed an ogre
  3248 | D:4      | Reached skill level 1 in Evocations
  3507 | D:4      | Reached XP level 6. HP: 48/48 MP: 6/13
  4405 | D:5      | Entered Level 5 of the Dungeon
  4415 | D:5      | Found a staircase to the Ecumenical Temple.
  4420 | Temple   | Entered the Ecumenical Temple
  4899 | D:5      | Reached skill level 4 in Earth Magic
  4899 | D:5      | Reached XP level 7. HP: 56/56 MP: 9/14
  4945 | D:5      | Learned a level 6 spell: Iron Shot
  4971 | D:5      | Identified the +6 dagger of Woleg {protect, *Corrode rElec
                  | Stlth+}
  5182 | D:5      | Found Amesel's Armour Boutique.
  6019 | D:6      | Reached skill level 1 in Conjurations
  6056 | D:6      | Found Bayff's Armour Emporium.
  6664 | D:6      | Reached XP level 8. HP: 63/63 MP: 3/17
  7220 | D:6      | Reached skill level 5 in Earth Magic
  7414 | D:6      | Found Bayff's Armour Emporium.
  7884 | D:7      | Identified the ring "Xecytturph" {rF- rCorr Str+4 Dex+4}
  8173 | D:7      | Reached skill level 1 in Polearms
  8647 | D:8      | Noticed a troll
  8653 | D:8      | Killed a troll
  8654 | D:8      | Reached XP level 9. HP: 49/72 MP: 6/19
  9244 | D:8      | Found a staircase to the Lair.
  9259 | D:8      | Reached skill level 5 in Fighting
  9383 | D:8      | Reached skill level 5 in Spellcasting
  9385 | D:8      | Reached skill level 6 in Earth Magic
  9825 | D:8      | Reached skill level 5 in Conjurations
  9977 | D:8      | Found Fubricu's Jewellery Shoppe.
 10517 | D:8      | Found Fubricu's Jewellery Shoppe.
 10527 | D:8      | Found a staircase to the Lair.
 10872 | D:9      | Noticed a death knight
 11184 | D:9      | Noticed Harold
 11194 | D:9      | Killed Harold
 11195 | D:9      | Reached XP level 10. HP: 60/81 MP: 9/22
 11379 | D:9      | Noticed a skeletal warrior
 11383 | D:9      | Noticed a death knight
 11643 | D:8      | Learned a level 4 spell: Petrify
 11692 | D:9      | Noticed a phantasmal warrior
 11880 | D:10     | Entered Level 10 of the Dungeon
 12155 | D:8      | Found a staircase to the Lair.
 12939 | D:8      | Found Fubricu's Jewellery Shoppe.
 13185 | Lair:1   | Entered Level 1 of the Lair of Beasts
 13195 | D:8      | Reached skill level 7 in Earth Magic
 13423 | Lair:1   | Noticed a four-headed hydra
 13431 | Lair:1   | Killed a four-headed hydra
 14088 | Lair:1   | Reached skill level 8 in Earth Magic
 14114 | Lair:1   | Noticed a five-headed hydra
 14503 | Lair:1   | Reached XP level 11. HP: 86/86 MP: 8/25
 15201 | Lair:1   | Reached skill level 9 in Earth Magic
 15722 | Lair:1   | Killed a five-headed hydra
 15723 | Lair:1   | Reached skill level 10 in Earth Magic
 15888 | Lair:2   | Noticed Maggie
 16004 | Lair:2   | Killed Maggie
 16387 | Lair:2   | Noticed a five-headed hydra
 16394 | Lair:2   | Killed a five-headed hydra
 16435 | Lair:2   | Found a frozen archway.
 16445 | IceCv    | Entered an ice cave
 16802 | IceCv    | Slain by an entropy weaver simulacrum

Illustrated notes

Levels and vault maps discovered:
D:1:      dpeg_arrival_connections, layout_basic,
          shapermc_ecumenical_altar_pompeii
D:2:      layout_basic
D:3:      layout_basic
D:4:      layout_basic, dk_noncrumbling_2
D:5:      layout_loops_ring, mainiacjoe_overflow_cross_hatched,
          mainiacjoe_overflow_alcove_2, mainiacjoe_overflow_small_starburst,
          temple_doors_e, serial_shops, shop
D:6:      layout_basic, grunt_temple_overflow_open,
          gammafunk_temple_overflow_wave, serial_shops, shop,
          minmay_diced_spiral
D:7:      layout_loops_ring, serial_glass, glass_columns_c, glass_columns_a,
          glass_columns_a
D:8:      layout_rooms, mainiacjoe_overflow_concentric_impassable,
          erik_lair_island, serial_shops, nicolae_shop_waterfront,
          minmay_fractal_squares_gapless_5
D:9:      minmay_skewed_foursquare, layout_basic, lemuel_doored_altar,
          uniq_harold
D:10:     layout_rooms, lemuel_mausoleum_altar_kikubaaqudgha,
          mainiacjoe_overflow_catwalk, uniq_erica, uniq_josephine
Temple:   zaba_magenta_temple
Lair:1:   layout_misc_corridors
Lair:2:   layout_chaotic_city, spider_nest_entry_funnel_web,
          portal_ice_cave_entry_ice_simulacra, st_stairs_12, uniq_maggie
IceCv:    ice_cave_hellmonk_azure_passage

Skill      XL: |  1  2  3  4  5  6  7  8  9 10 11 |
---------------+----------------------------------+-----
Transmutations | 1 2 3 |  3.0
Stealth        | 2 3 |  3.0
Spellcasting   | 2 3 4 5 7 |  7.5
Earth Magic    | 3 4 5 6 8 10 | 10.4
Fighting       | 1 2 3 4 5 |  5.9
Short Blades   | 1 2 3 |  3.0
Evocations     | 1 2 4 |  4.0
Conjurations   | 2 3 5 7 8 |  8.6
Polearms       | 1 3 |  3.0
Dodging        | 2 |  2.0

Action                   |  1- 3 |  4- 6 |  7- 9 | 10-12 || total
-------------------------+-------+-------+-------+-------++-------
Melee: Dagger            |    20 |   122 |     7 |       ||   149
       Spear             |       |       |    17 |    65 ||    82
       Rapier            |       |       |     1 |       ||     1
 Cast: Sandblast         |    64 |    54 |    34 |    41 ||   193
       Stone Arrow       |       |       |   115 |   149 ||   264
       Petrify           |       |       |       |     5 ||     5
  Use: Scroll            |     4 |     1 |     9 |     7 ||    21
       Potion            |       |       |       |     3 ||     3
 Stab: Sleeping          |     2 |     3 |     2 |       ||     7
       Petrified         |       |       |       |    35 ||    35
       Petrifying        |       |       |       |     1 ||     1
Armor: Robe              |    12 |    33 |    17 |    32 ||    94
Dodge: Dodged            |    26 |    76 |    76 |    81 ||   259
Block: Other             |       |       |       |     3 ||     3

Table legend: (Time is in decaauts)
 A = Elapsed time spent in this place.
 B = Non-inter-level travel time spent in this place.
 C = Inter-level travel time spent in this place.
 D = Time resting spent in this place.
 E = Time spent auto-exploring this place.
 F = Levels seen in this place.
 G = Mean time per level.
                   A        B        C        D        E       F      G
               +--------+--------+--------+--------+--------+-----+--------+
         Total |  16823 |  16023 |    800 |   7764 |   5198 |  14 | 1201.6 |
       Dungeon |  13782 |  13051 |    731 |   6144 |   4506 |  10 | 1378.2 |
        Temple |     79 |     66 |     13 |      0 |     55 |   1 |   79.0 |
          Lair |   2604 |   2549 |     55 |   1391 |    590 |   2 | 1302.0 |
      Ice Cave |    356 |    356 |      0 |    229 |     47 |   1 |  356.0 |
               +--------+--------+--------+--------+--------+-----+--------+

Top non-repeatable levels by time:
     D:8: 3117 daAuts
  Lair:1: 2281 daAuts
     D:7: 2230 daAuts
     D:6: 2036 daAuts
     D:5: 1597 daAuts
     D:4: 1243 daAuts
     D:3: 1180 daAuts
     D:2: 1138 daAuts
     D:1: 842 daAuts
     D:9: 394 daAuts
   IceCv: 356 daAuts
  Lair:2: 323 daAuts
  Temple: 79 daAuts
    D:10: 1 daAuts
